 Dungeon Crawl Stone Soup version 0.17.1-3-g152610e (webtiles) character file.

6267 Alarkh the Cleaver (level 10, 0/74 HPs)
             Began as a Mummy Skald on Apr 17, 2016.
             Was an Initiate of Gozag.
             Slain by a black bear (2 damage)
             ... on level 11 of the Dungeon.
             The game lasted 00:20:45 (10147 turns).

Alarkh the Cleaver (Mummy Skald)                   Turns: 10147, Time: 00:20:45

Health: 0/74       AC: 10    Str: 15      XL:     10   Next: 62%
Magic:  12/13      EV: 13    Int: 12 (15) God:    Gozag
Gold:   727        SH:  0    Dex: 12      Spells: 5 memorised, 2 levels left

rFire  . . .     SeeInvis .     b - +1 dagger (venom)
rCold  + + .     Clarity  .     C - +2 robe {rF+}
rNeg   + + +     SustAt   .     (no shield)
rPois  ∞         Gourm    .     f - +2 helmet
rElec  .         Spirit   .     (no cloak)
rCorr  .         Warding  .     j - +0 pair of gloves
rMut   .         Stasis   .     x - +1 pair of boots
MR     +....                    r - amulet of regeneration
Stlth  ++........               y - ring of stealth
                                s - ring of protection from cold

@: somewhat resistant to hostile enchantments, unstealthy
A: no food or potions, fire vulnerability, cold resistance 1, negative energy
resistance 3, torment resistance, unbreathing
a: Potion Petition, Call Merchant, Bribe Branch, Renounce Religion


You were on level 11 of the Dungeon.
You worshipped Gozag.
Gozag was noncommittal.
You were not hungry.

You visited 3 branches of the dungeon, and saw 13 of its levels.

You collected 908 gold pieces.
You spent 23 gold pieces at shops.
You paid 158 gold pieces to Gozag.

Inventory:

Hand Weapons
 a - a +0 hand axe
 b - a +1 dagger of venom (weapon)
Missiles
 B - 3 curare-tipped needles
Armour
 f - a +2 helmet (worn)
 j - a +0 pair of gloves (worn)
 k - the +10 Black Knight's horse barding {ponderous, rPois rN+}
   (You found it on level 11 of the Dungeon)

   It protects you from poison.
   It protects you from negative energy.
 x - a +1 pair of boots (worn)
 C - a +2 robe of fire resistance (worn)
Jewellery
 c - an uncursed amulet of clarity
 l - an uncursed amulet of resist corrosion
 r - an amulet of regeneration (around neck)
 s - a ring of protection from cold (left hand)
 w - an uncursed ring of teleportation
 y - a ring of stealth (right hand)
Wands
 o - a wand of disintegration (5)
 p - a wand of flame (11)
 E - a wand of teleportation (7)
Scrolls
 d - 4 scrolls of amnesia
 g - a scroll of magic mapping
 h - a scroll of identify
 i - a scroll of vulnerability {unknown}
 q - 3 scrolls of teleportation
 z - 2 scrolls of fog
Books
 e - a book of Summonings

   Spells                             Type                      Level
   a - Recall                         Summoning/Translocation      3
   b - Aura of Abjuration             Summoning                    5
   c - Shadow Creatures               Summoning                    5
   d - Summon Demon                   Summoning                    5
   e - Summon Forest                  Summoning/Translocation      5
   f - Summon Mana Viper              Hexes/Summoning              5
Miscellaneous
 t - a plain deck of escape {drawn: 2}


   Skills:
 + Level 5.2 Fighting
 * Level 11.3 Axes
 + Level 4.0 Armour
 + Level 3.8 Dodging
 + Level 2.3 Spellcasting
 + Level 2.8 Charms
 + Level 1.1 Summonings


You had 2 spell levels left.
You knew the following spells:

 Your Spells              Type           Power        Failure   Level  Hunger
a - Infusion              Chrm           #.....       12%         1    N/A
b - Song of Slaying       Chrm           #.......     14%         2    N/A
c - Spectral Weapon       Hex/Chrm       #.......     43%         3    N/A
d - Recall                Summ/Tloc      N/A          69%         3    N/A
e - Shroud of Golubria    Chrm/Tloc      #.........   21%         2    N/A

Dungeon Overview and Level Annotations

Branches:
Dungeon (11/15)            Temple (1/1) D:7            Lair (1/8) D:9
    Orc (0/4) D:11

Altars:
Ashenzari
Cheibriados
Dithmenos
Elyvilon
Fedhas
Gozag
Kikubaaqudgha
Makhleb
Nemelex Xobeh
Okawaru
Qazlal
Ru
Sif Muna
Trog
Vehumet
Xom
Yredelemnul
Zin
The Shining One

Shops:
D:6 :   D:8 [   D:9 *

Annotations:
D:10 simples's ghost, journeyman MfBe
Lair:1 exclusion: oklob plant


Innate Abilities, Weirdness & Mutations

You do not eat or drink.
Your flesh is vulnerable to fire.
You are immune to poison.
Your flesh is cold resistant.
You are immune to negative energy.
You are immune to unholy pain and torment.
You can survive without breathing.


Message History

The black bear is almost dead.
The black bear bites you!
* * * LOW HITPOINT WARNING * * *
The black bear claws you but does no damage.
The black bear claws you.
* * * LOW HITPOINT WARNING * * *
The black bear closely misses you. x2
The black bear completely misses you.
Read which item? (? for menu, Esc to quit)
Okay, then.
Evoke which item? (* to show all) (? for menu, Esc to quit)
You draw a card...
It is Warpwright.
The black bear closely misses you. The black bear misses you.
The black bear claws you.
* * * LOW HITPOINT WARNING * * *
Evoke which item? (* to show all) (? for menu, Esc to quit)
You draw a card...
It is Swap.
You swap places with the troll.
The black bear barely misses you. x3
The black bear bites you.
You die...
Your body crumbles into a pile of gold.

#. ######'##### #.# #.!# #.#
#.## #.# #.# #.# #.# #.#
#####.### #.#####
#.......####
......##########..........#
#.###.........Th@......##..#
..# ############.......# ..
.## ######.## .# ## #.# .#
#>###.# .# #.....# '########
###.### ........#
######'####### ........#
###............#


You could see a troll and a black bear (berserk).

Vanquished Creatures
  A griffon (D:9)
  A gargoyle (D:9)
  A komodo dragon (D:9)
  Sigmund (D:3)
  A deep elf mage (D:9)
  Eustachio (D:5)
  2 wraiths (D:9)
  3 hippogriffs
  A hungry ghost (D:7)
  A human (D:8)
  A sky beast (D:6)
  2 orc warriors
  2 necrophages
  3 ice beasts
  2 black bears (D:8)
  4 ogres
  5 centaurs
  A wasp (D:7)
  4 giant frogs
  A brain worm (D:11)
  6 wights
  3 scorpions
  3 crimson imps
  4 human zombies (D:9)
  7 orc wizards
  5 hounds
  A centaur skeleton (D:8)
  A human skeleton (D:9)
  3 jellies
  2 orc priests
  Ijyb (D:1)
  4 iguanas
  A gnoll shaman (D:9)
  Jessica (D:2)
  6 worker ants
  Natasha (thrice) (D:2)
  2 giant frog skeletons
  An ogre zombie (D:9)
  2 hound zombies
  A hound skeleton (D:5)
  A mummy (D:9)
  2 worker ant zombies
  9 adders
  4 gnolls (D:9)
  2 shadow imps
  An adder skeleton (D:4)
  A worm (D:2)
  4 giant geckos
  21 orcs
  7 goblins
  8 hobgoblins
  3 jackals (D:6)
  6 kobolds
  2 quokkas (D:6)
  2 ball pythons
  5 bats
  4 giant cockroaches
  7 giant newts
  A jackal zombie (D:6)
  2 orc zombies (D:9)
  2 quokka skeletons (D:8)
  9 rats
198 creatures vanquished.

Vanquished Creatures (others)
  3 plants (D:9)
3 creatures vanquished.

Grand Total: 201 creatures vanquished

Notes
Turn   | Place    | Note
--------------------------------------------------------------
     0 | D:1      | Alarkh the Mummy Skald began the quest for the Orb.
     0 | D:1      | Reached XP level 1. HP: 16/16 MP: 3/3
   217 | D:1      | Reached XP level 2. HP: 20/22 MP: 1/5
   466 | D:1      | Learned a level 2 spell: Song of Slaying
   469 | D:1      | Learned a level 2 spell: Shroud of Golubria
   486 | D:2      | Noticed Ijyb
   486 | D:2      | Noticed Jessica
   502 | D:1      | Killed Ijyb
   502 | D:1      | Reached skill level 3 in Axes
   502 | D:1      | Reached XP level 3. HP: 20/27 MP: 6/6
   515 | D:2      | Killed Jessica
   515 | D:2      | Reached XP level 4. HP: 25/33 MP: 7/7
   805 | D:2      | Noticed Natasha
   812 | D:2      | Killed Natasha
   812 | D:2      | Reached skill level 4 in Axes
  1139 | D:2      | Noticed Natasha
  1148 | D:2      | Killed Natasha
  1305 | D:2      | Noticed Natasha
  1310 | D:2      | Killed Natasha
  1346 | D:3      | Noticed Sigmund
  1677 | D:3      | Killed Sigmund
  1677 | D:3      | Reached skill level 5 in Axes
  1677 | D:3      | Reached XP level 5. HP: 31/38 MP: 4/8
  1677 | D:3      | Reached XP level 6. HP: 35/44 MP: 4/9
  1820 | D:3      | Noticed a hippogriff
  1838 | D:3      | Killed a hippogriff
  1838 | D:3      | Reached skill level 6 in Axes
  1909 | D:3      | Found an ancient bone altar of Kikubaaqudgha.
  2011 | D:3      | Found a stormy altar of Qazlal.
  2189 | D:3      | Found a sacrificial altar of Ru.
  2732 | D:4      | Found a shadowy altar of Dithmenos.
  2854 | D:4      | Found a burning altar of Makhleb.
  2879 | D:4      | Reached XP level 7. HP: 29/50 MP: 10/10
  3290 | D:4      | Reached skill level 7 in Axes
  3370 | D:5      | Entered Level 5 of the Dungeon
  3372 | D:5      | Found a sparkling altar of Nemelex Xobeh.
  3478 | D:5      | Found an iron altar of Okawaru.
  3591 | D:5      | Found a stormy altar of Qazlal.
  3623 | D:5      | Found a blossoming altar of Fedhas.
  3808 | D:5      | Reached XP level 8. HP: 49/56 MP: 11/11
  3835 | D:5      | Reached skill level 8 in Axes
  3917 | D:5      | Noticed Eustachio
  3993 | D:5      | Killed Eustachio
  4579 | D:5      | Reached skill level 9 in Axes
  4955 | D:6      | Found a bloodstained altar of Trog.
  5472 | D:6      | Found Neluqad's Book Emporium.
  6034 | D:7      | Reached skill level 10 in Axes
  6034 | D:7      | Reached XP level 9. HP: 52/61 MP: 5/12
  6063 | D:6      | Reached skill level 1 in Armour
  6063 | D:6      | Reached skill level 1 in Dodging
  6345 | D:7      | Found a shadowy altar of Dithmenos.
  6353 | D:7      | Found a staircase to the Ecumenical Temple.
  6362 | Temple   | Entered the Ecumenical Temple
  6553 | D:7      | Found a deep blue altar of Sif Muna.
  7229 | D:8      | Found Teuhiov's Antique Armour Shoppe.
  7237 | D:8      | Bought a glowing robe for 23 gold pieces
  7251 | D:8      | Learned a level 3 spell: Spectral Weapon
  7286 | D:8      | Found a white marble altar of Elyvilon.
  7711 | D:9      | Found an opulent altar of Gozag.
  7717 | D:9      | Found a staircase to the Lair.
  7717 | D:9      | Noticed a komodo dragon
  7723 | D:9      | Found Gozag's Platinum Reserve.
  7727 | D:9      | Became a worshipper of Gozag Ym Sagoz the Greedy
  7974 | D:9      | Reached XP level 10. HP: 37/72 MP: 5/13
  7984 | D:9      | Noticed an angel
  7985 | D:9      | Found a glowing silver altar of Zin.
  8421 | D:9      | Reached skill level 11 in Axes
  8508 | D:9      | Found a basalt altar of Yredelemnul.
  9047 | D:9      | Killed a komodo dragon
  9107 | Lair:1   | Entered Level 1 of the Lair of Beasts
  9178 | Lair:1   | Learned a level 3 spell: Recall
  9255 | Lair:1   | Noticed an oklob plant
  9348 | Lair:1   | Noticed a black mamba
  9397 | D:10     | Entered Level 10 of the Dungeon
  9508 | D:9      | Reached skill level 5 in Fighting
  9585 | D:10     | Noticed a griffon
  9682 | D:9      | Killed a griffon
  9682 | D:9      | Reached skill level 1 in Summonings
  9915 | D:10     | Noticed simples's ghost (journeyman MfBe)
 10127 | D:11     | Found a staircase to the Orcish Mines.
 10146 | D:11     | HP: 1/74 [black bear (3)]
 10147 | D:11     | Slain by a black bear

Action                   |  1- 3 |  4- 6 |  7- 9 | 10-12 || total
-------------------------+-------+-------+-------+-------++-------
Melee: Hand axe          |    24 |     9 |   197 |   175 ||   405
       Dagger            |    55 |   156 |   435 |   227 ||   873
 Cast: Infusion          |     7 |     2 |    25 |    22 ||    56
       Shroud of Golubri |       |     2 |    17 |    16 ||    35
Evoke: Wand              |       |       |     5 |       ||     5
       Deck              |       |       |       |     2 ||     2
  Use: Scroll            |       |       |    12 |     3 ||    15
 Stab: Sleeping          |       |       |     5 |     8 ||    13
       Distracted        |       |       |       |     2 ||     2
